 Dungeon Crawl Stone Soup version 0.31-a0-1074-g0b22e4e0f1 (webtiles) character file.

Game seed: 2216199231416012049

42 ragingrage the Chiller (level 3, -2/24 HPs)
             Began as a Human Wanderer on Dec 7, 2023.
             Slain by a gnoll
             ... wielding a +0 whip
              (3 damage)
             ... on level 1 of the Dungeon.
             The game lasted 00:02:15 (1979 turns).

ragingrage the Chiller (Human Wanderer)             Turns: 1979, Time: 00:02:16

Health: -2/24      AC:  3    Str: 10    XL:     3   Next: 80%
Magic:  3/6        EV: 12    Int: 12    God:
Gold:   37         SH:  0    Dex: 28    Spells: 1/6 levels left

rFire   . . .        a - +0 short sword
rCold   . . .        (no shield)
rNeg    . . .        c - +0 robe
rPois   .            d - +0 helmet
rElec   .            (no cloak)
rCorr   .            (no gloves)
SInv    .            (no boots)
Will    .....        (no amulet)
Stlth   +++          h - +6 ring of dexterity
HPRegen 0.24/turn    j - +6 ring of dexterity
MPRegen 0.10/turn

%: no passive effects
@: no status effects
A: no striking features
a: no special abilities


You were on level 1 of the Dungeon.
You visited 1 branch of the dungeon, and saw 2 of its levels.

You collected 67 gold pieces.
You spent 30 gold pieces at shops.

Inventory:

Hand Weapons
 a - a +0 short sword (weapon)
Armour
 c - a +0 robe (worn)
 d - a +0 helmet (worn)
 e - a scarf of harm
 f - an orb of energy
Jewellery
 h - a +6 ring of dexterity (left hand)
 j - a +6 ring of dexterity (right hand)
Scrolls
 l - a scroll of fog {unknown}
 m - a scroll of identify {unknown}
Potions
 b - a potion of might
 g - a potion of cancellation {unknown}
 i - 2 potions of curing
 k - a potion of enlightenment {unknown}


   Skills:
 - Level 1.0 Dodging
 - Level 2.0 Stealth
 - Level 2.0 Spellcasting
 - Level 2.0 Conjurations
 + Level 4.0 Ice Magic
 - Level 1.0 Evocations


You had one spell level left.
You knew the following spells:

 Your Spells              Type           Power      Damage    Failure   Level
a - Freeze                Ice            40%        1d6       5%          1
b - Magic Dart            Conj           24%        1d4       12%         1
c - Ozocubu's Armour      Ice            10%        N/A       16%         3

Your spell library contained the following spells:

 Spells                   Type           Power      Damage    Failure   Level
 Sting                    Tmut/Pois      4%         1d3       26%         1
 Hailstorm                Conj/Ice       8%         3d4       24%         3
 Summon Ice Beast         Ice/Summ       6%         N/A       75%         4


Dungeon Overview and Level Annotations

Branches:
Dungeon (2/15)

Altars:

Shops:
D:1 *


Message History

You start resting.
There is a stone staircase leading down here.
You climb downwards.
There is a stone staircase leading up here.
Unknown command.
What are your orders? t - Shout!
Orders for allies: a - Attack new target. r - Retreat! s - Stop attacking. g - Guard the area. f - Follow me.
Anything else - Cancel.
You shout for attention!
You hear a shout! x2
You start waiting.
There are monsters nearby!
There are monsters nearby!
There are monsters nearby!
The gnoll barely misses you.
An endoplasm comes into view.
The gnoll hits you from afar with a +0 halberd!
The gnoll hits you with a +0 whip.
You climb upwards.
There is a stone staircase leading down here.
Aiming: Freeze (safe; 5% risk of failure)
Press: ? - help, Q - select action, (/) - cycle Shift-Dir - straight line, f - gnoll
Aim: a gnoll, wielding a +0 whip You freeze the gnoll.
The gnoll hits you with a +0 whip.
* * * LOW HITPOINT WARNING * * *
Aiming: Freeze (safe; 5% risk of failure)
Press: ? - help, Q - select action, (/) - cycle Shift-Dir - straight line, f/p - gnoll
Aim: a gnoll, wielding a +0 whip (moderately wounded)
You freeze the gnoll. The gnoll hits you with a +0 whip.
* * * LOW HITPOINT WARNING * * *
Aiming: Freeze (safe; 5% risk of failure)
Press: ? - help, Q - select action, (/) - cycle Shift-Dir - straight line, f/p - gnoll
Aim: a gnoll, wielding a +0 whip (heavily wounded)
You freeze the gnoll. The gnoll hits you with a +0 whip.
You die...

#.# ####.##### #+##
#.......# ...##
#.##.##.# ....##
#.##.##.# .....##
#..#....#
......####..>##..#
..†...........#..#
.............##g.####
......####......@...#
....#.# ##.###.###.#
...##.# ###%###.# #w#
#'###.# #.......# #.#
#.# #.# #.#.#######.#
#.# #.###.#.....w...#
..###.......#########
#..######.###
....#####.#


You could see a gnoll.

Vanquished Creatures
  An adder (D:1)
  2 worms (D:1)
  An endoplasm (D:1)
  2 giant cockroaches (D:1)
  3 hobgoblins (D:1)
  2 jackals (D:1)
  2 quokkas (D:1)
  4 ball pythons (D:1)
  3 bats (D:1)
  3 frilled lizards
  A kobold (D:1)
  4 rats (D:1)
28 creatures vanquished.

Notes
Turn   | Place    | Note
-------+----------+-------------------------------------------
     0 | D:1      | ragingrage the Human Wanderer began the quest for the Orb.
     0 | D:1      | ragingrage set off with the following items: a +0 dagger, a
                  | potion of might, a +0 robe, a +0 helmet; and the following
                  | spells available to memorise: Freeze, Magic Dart, Ozocubu's
                  | Armour, Hailstorm, Summon Ice Beast.
     0 | D:1      | Reached XP level 1. HP: 13/13 MP: 2/2
     2 | D:1      | Learned a level 1 spell: Freeze
    42 | D:1      | Learned a level 1 spell: Magic Dart
   296 | D:1      | Reached XP level 2. HP: 19/19 MP: 1/3
   610 | D:1      | Found Qeelup's General Store.
   619 | D:1      | Bought a potion of curing for 30 gold pieces
   647 | D:1      | Found a faded altar of an unknown god.
   723 | D:1      | Got Plato's Almanac of Vicissitude
   815 | D:1      | Reached XP level 3. HP: 24/24 MP: 3/5
  1446 | D:1      | Learned a level 3 spell: Ozocubu's Armour
  1739 | D:1      | HP: 1/24 [worm (9)]
  1896 | D:1      | Reached skill level 4 in Ice Magic
  1978 | D:1      | HP: 1/24 [gnoll/+0 whip (6)]
  1979 | D:1      | Slain by a gnoll

Illustrated notes

Levels and vault maps discovered:
D:1:      lightli_arrival_lavapool, layout_loops_corners,
          shapermc_ecumenical_altar_rom_forum, serial_shops, nicolae_shop_trees
D:2:      layout_loops_cross

Skill      XL: |  1  2  3 |
---------------+----------+-----
Spellcasting   | 2 |  2.0
Ice Magic      | 4 |  4.0
Dodging        | |  1.0
Stealth        | |  2.0
Conjurations   | |  2.0
Evocations     | |  1.0

Action                     || total
---------------------------++-------
  Melee: Dagger            ||    22
         Short sword       ||    15
         Punch             ||     1
   Cast: Freeze            ||    54
   Stab: Sleeping          ||     2
 Armour: Robe              ||    48
  Dodge: Dodged            ||    43

Table legend: (Time is in decaauts)
 A = Elapsed time spent in this place.
 B = Non-inter-level travel time spent in this place.
 C = Inter-level travel time spent in this place.
 D = Time resting spent in this place.
 E = Time spent auto-exploring this place.
 F = Levels seen in this place.
 G = Mean time per level.
                   A        B        C        D        E       F      G
               +--------+--------+--------+--------+--------+-----+--------+
         Total |   1981 |   1933 |     48 |    628 |    958 |   2 |  990.5 |
       Dungeon |   1981 |   1933 |     48 |    628 |    958 |   2 |  990.5 |
               +--------+--------+--------+--------+--------+-----+--------+

Top non-repeatable levels by time:
     D:1: 1850 daAuts
     D:2: 131 daAuts
